Map: Terrasses de Prion

Players

pupu - Winner!

  • Race: Protoss Protoss
  • League: Silver

SixPack

  • Race: Terran Terran
  • League: Gold

VOD

Have the link to the VOD?

Description

Time

  • Played on: April 13, 2016, 9:45 a.m.
  • Length: 9:41
Show
View Real Time Build Order
Export as new Build Order

pupu Protoss - Winner!

Build Orders: 1 Gate Expand 

Get SALT Encoding   

  12  0:01  Probe (Chrono Boost)  
  13  0:11  Probe (Chrono Boost)  
  14  0:18  Pylon  
  14  0:22  Probe (Chrono Boost)  
  15  0:37  Probe (Chrono Boost)  
  15  0:38  Gateway  
  16  0:47  Probe (Chrono Boost)  
  17  1:10  Nexus  
  17  1:14  Probe (Chrono Boost)  
  18  1:19  Assimilator  
  18  1:25  Probe (Chrono Boost)  
  19  1:27  Assimilator  
  19  1:35  Probe (Chrono Boost)  
  19  1:39  Cybernetics Core  
  20  1:46  Probe (Chrono Boost)  
  21  1:48  Pylon  
  21  1:56  Probe (Chrono Boost)  
  22  2:07  Probe (Chrono Boost)  
  23  2:18  Warp Gate (Chrono Boost)  
  23  2:25  Twilight Council  
  23  2:27  Probe  
  23  2:28  Probe  
  25  2:35  Gateway  
  25  2:39  Stalker (Chrono Boost)  
  26  2:50  Probe  
  26  2:51  Probe  
  26  3:09  Probe  
  28  3:13  Mothership Core  
  28  3:19  Probe  
  30  3:30  Probe  
  30  3:31  Pylon  
  30  3:33  Charge (Chrono Boost)  
  31  3:34  Probe  
  31  3:35  Pylon  
  31  3:41  Probe  
  32  3:47  Probe  
  34  3:58  Probe  
  34  3:59  Probe  
  36  4:06  Gateway  
  36  4:07  Gateway  
  36  4:11  Probe  
  36  4:14  Probe, Pylon  
  38  4:23  Probe  
  39  4:26  Probe, Robotics Facility  
  40  4:35  Probe, Assimilator  
  40  4:48  Stalker x2  
  44  5:06  Stalker x2  
  48  5:16  Probe x2  
  48  5:19  Warp Prism (Chrono Boost)  
  52  5:29  Pylon  
  52  5:32  Pylon  
  52  5:38  Gateway  
  52  5:40  Gateway  
  52  5:42  Gateway  
  52  5:43  Probe x2  
  52  5:44  Gateway  
  52  5:45  Pylon  
  52  5:46  Pylon  
  52  5:48  Pylon  
  54  5:50  Pylon  
  54  5:51  Stalker  
  54  5:54  Pylon  
  56  5:59  Probe x2  
  58  6:18  Nexus  
  58  6:20  Pylon  
  58  6:21  Pylon  
  58  6:34  Zealot x4  
  53  6:59  Zealot x4  
  53  7:00  Zealot x4  
  68  7:20  Observer (Chrono Boost)  
  69  7:27  Forge  
  69  7:31  Forge  
  69  7:34  Pylon  
  69  7:39  Zealot  
  69  7:40  Zealot x4  
  69  7:41  Zealot  
  80  8:03  Zealot x2  
  80  8:04  Zealot x2  
  88  8:05  Zealot  
  85  8:24  Zealot x3  
  79  9:20  Zealot x4  
  79  9:21  Zealot x2  
Show
View Real Time Build Order
Export as new Build Order

SixPack Terran 

Build Orders:  

Get SALT Encoding   

  12  0:03  SCV  
  13  0:15  SCV  
  13  0:21  Supply Depot  
  14  0:27  SCV  
  15  0:29  Refinery  
  15  0:42  SCV  
  16  0:46  Barracks  
  16  0:54  SCV  
  17  1:03  Supply Depot  
  17  1:06  SCV  
  18  1:18  SCV  
  19  1:30  SCV  
  20  1:33  Reaper  
  21  1:43  SCV  
  22  1:55  SCV, Command Center  
  23  2:05  Barracks Reactor  
  23  2:07  SCV  
  24  2:18  Barracks  
  24  2:22  Orbital Command  
  24  2:29  Factory  
  24  2:44  Marine x2  
  26  2:54  Refinery  
  26  3:02  Marine x2  
  28  3:09  Marine  
  29  3:17  Starport  
  29  3:18  Engineering Bay  
  29  3:20  Marine x2  
  31  3:27  Marine, Orbital Command  
  32  3:35  Factory Tech Lab  
  32  3:37  Marine  
  32  3:38  SCV  
  34  3:47  Marine  
  36  3:50  SCV  
  37  3:56  SCV  
  37  4:02  SCV  
  38  4:08  SCV  
  39  4:12  Terran Infantry Weapons Level 1  
  39  4:13  Engineering Bay  
  39  4:15  Marine  
  39  4:16  Widow Mine, Marine  
  41  4:22  Marine, Stimpack  
  44  4:28  Refinery  
  44  4:33  Marine x2  
  46  4:55  Supply Depot  
  46  4:56  Supply Depot  
  46  4:58  Supply Depot  
  46  5:03  Terran Infantry Armor Level 1  
  46  5:09  Supply Depot  
  46  5:16  Marine x3, SCV, Medivac  
  46  5:17  Factory Tech Lab  
  52  5:24  SCV  
  53  5:28  SCV  
  53  5:32  Supply Depot  
  53  5:34  Marine x3  
  57  5:36  Supply Depot, SCV  
  58  5:50  Barracks  
  58  5:52  Marauder, Marine x2  
  62  5:57  Armory  
  62  6:08  Siege Tank  
  62  6:09  Marine x2  
  67  6:14  Marauder  
  67  6:16  Supply Depot  
  67  6:18  SCV x2  
  70  6:22  Refinery  
  70  6:27  Marine  
  71  6:35  Marauder  
  73  6:47  Marine  
  73  6:49  Marine  
  75  6:56  Marine  
  75  6:59  Terran Infantry Weapons Level 2, Terran Infantry Armor Level 2  
  75  7:01  Terran Vehicle Weapons Level 1  
  69  7:04  Supply Depot  
  69  7:05  Marine  
  69  7:06  Siege Tank  
  69  7:07  Marine  
  73  7:14  Marauder  
  75  7:19  Command Center  
  75  7:22  Marine  
  75  7:24  Marine  
  75  7:25  Marine  
  75  7:27  Starport Reactor  
  78  7:36  Starport, Marauder  
  78  7:47  Marine x2  
  80  7:53  Marine  
  83  8:05  Marine  
  84  8:10  Marine  
  78  8:28  Marine  
  76  8:46  Marine  
  50  9:11  Orbital Command  
Tags
 
Add a new tag
Caveats
  • Supply blocks, unpowered buildings, or Contaminate may cause inaccurate times.
  • Supply counts are checked every 10 seconds.